 Dungeon Crawl Stone Soup version 0.31.0-9-g3a7656b989 (webtiles) character file.

Game seed: 4553584390694130164

299 qw the Shooter (level 6, -5/30 HPs)
             Began as a Spriggan Hunter on Feb 2, 2024.
             Slain by a phantom (7 damage)
             ... on level 4 of the Dungeon.
             The game lasted 00:00:10 (2096 turns).

qw the Shooter (Spriggan Hunter)                    Turns: 2096, Time: 00:00:10

Health: -5/30      AC:  2    Str:  7    XL:     6   Next: 13%
Magic:  7/7        EV: 26    Int: 11    God:
Gold:   73         SH:  5    Dex: 20    Spells: 5/5 levels left

rFire   . . .        a - +0 shortbow
rCold   . . .        (shield currently unavailable)
rNeg    . . .        c - +0 robe
rPois   .            (helmet restricted)
rElec   .            (no cloak)
rCorr   .            (gloves unavailable)
SInv    +            (boots unavailable)
Will    +....        h - amulet of reflection
Stlth   ++           e - +5 ring of evasion
HPRegen 0.25/turn    (no ring)
MPRegen 0.10/turn

%: reflection
@: very quick
A: very small, no large weapons, unfitting armour, see invisible, speed 3
a: no special abilities


You were on level 4 of the Dungeon.
You visited 1 branch of the dungeon, and saw 4 of its levels.

You collected 73 gold pieces.


Innate Abilities, Weirdness & Mutations

You are very small and have problems with some larger weapons.
You are too small for most types of armour.
You have supernaturally acute eyesight. (SInv)
You cover ground extremely quickly. (Speed+++)


   Skills:
 - Level 2.1 Fighting
 - Level 6.0 Ranged Weapons
 + Level 5.8 Dodging
 - Level 1.5 Stealth


You had 5 spell levels left.
You didn't know any spells.
Your spell library was empty.

Inventory:

Hand Weapons
 a - a +0 shortbow (weapon)
Armour
 c - a +0 robe (worn)
Jewellery
 e - a +5 ring of evasion (left hand)
 h - an amulet of reflection (around neck)
Potions
 b - a potion of haste {unknown}
 f - a potion of lignification {unknown}
 i - a potion of berserk rage {unknown}
 j - 2 potions of might

Dungeon Overview and Level Annotations

Branches:
Dungeon (4/15)
 Temple: D:4-7

Altars:


Message History

As you read the scroll of teleportation, it crumbles to dust.
You feel strangely unstable. You block the orc priest's attack.
The orc completely misses you.
The hobgoblin hits you but does no damage.
You shoot an arrow.
The arrow hits the orc priest but does no damage.
The orc priest is heavily wounded.
The orc priest completely misses you. The orc barely misses you.
The hobgoblin completely misses you.
You shoot an arrow.
The arrow hits the orc priest but does no damage.
The orc priest is heavily wounded.
The orc priest hits you with a +0 dagger.
The orc completely misses you. The hobgoblin hits you.
You shoot an arrow. The arrow hits the orc priest!
You kill the orc priest!
Your surroundings suddenly seem different.
A phantom and a giant cockroach come into view.
Found 19 gold pieces, two ring mails and 4 stones.
2090 ||| READING scroll of teleportation.
As you read the scroll of teleportation, it crumbles to dust.
You feel strangely unstable. The phantom completely misses you.
You shoot an arrow. The arrow hits the phantom.
The phantom is moderately damaged.
The phantom barely misses you.
You shoot an arrow.
The arrow completely misses the phantom.
The giant cockroach misses you. The phantom hits you.
You shoot an arrow. The arrow barely misses the phantom.
The giant cockroach closely misses you. The phantom completely misses you.
You block the giant cockroach's attack.
You shoot an arrow. The arrow hits the phantom.
The phantom is heavily damaged.
Your surroundings seem slightly different.
You shoot an arrow. The arrow misses the phantom.
You shoot an arrow. The arrow closely misses the phantom.
The arrow closely misses the giant cockroach.
The phantom hits you!
You die...

.... ... ...
.... .. ....
.### . .....
##... ... $....
##..##....
...(..#.@.......
......#.WB#.....
.........##.###.
......$.....#
............#
.####.......#
##[.....#
........#
#....[.....


You could see a phantom and a giant cockroach.

Vanquished Creatures
  A bombardier beetle (D:3)
  An orc priest (D:4)
  2 orc wizards
  3 gnolls (D:3)
  7 adders
  3 dart slugs
  A ribbon worm (D:2)
  11 orcs
  7 ball pythons
  4 endoplasms
  3 giant cockroaches
  7 goblins
  4 hobgoblins
  2 jackals (D:1)
  5 kobolds
  2 quokkas
  6 bats
  4 frilled lizards
  5 rats
78 creatures vanquished.

Notes
Turn   | Place    | Note
-------+----------+-------------------------------------------
     0 | D:1      | qw the Spriggan Hunter began the quest for the Orb.
     0 | D:1      | Reached XP level 1. HP: 10/10 MP: 2/2
     0 | D:1      | 0 ||| qw: Version: 0.3-a-155-g5e7d8dd
     0 | D:1      | 0 ||| qw: Game counter: 1394
     0 | D:1      | 0 ||| qw: Melee chars always use a shield: true
     0 | D:1      | 0 ||| qw: God list: Okawaru
     0 | D:1      | 0 ||| qw: Allow faded altars: false
     0 | D:1      | 0 ||| qw: Do Orc after clearing Dungeon:15 true
     0 | D:1      | 0 ||| qw: Do second Lair branch before Depths: true
     0 | D:1      | 0 ||| qw: Lair rune preference: random
     0 | D:1      | 0 ||| qw: Goals: Normal
     0 | D:1      | 0 ||| PLANNING D:1-11
    69 | D:1      | Reached skill level 3 in Dodging
   126 | D:1      | Reached XP level 2. HP: 14/14 MP: 3/3
   231 | D:1      | 231 ||| DROPPING +3 sling.
   562 | D:1      | Reached XP level 3. HP: 18/18 MP: 4/4
   648 | D:1      | 648 ||| UPGRADING to amulet of reflection.
   653 | D:1      | 653 ||| READING scroll labelled ZOIGHUKHLEU.
   653 | D:1      | 653 ||| IDENTIFYING scroll labelled CUDUT TYNIDIR
   654 | D:1      | 654 ||| READING scroll labelled LILUR YTTOFES.
   655 | D:1      | 655 ||| READING scroll labelled FESTRO EXKUQU.
   656 | D:1      | 656 ||| DROPPING scroll of butterflies.
   657 | D:1      | 657 ||| DROPPING scroll of noise.
   677 | D:2      | 677 ||| STAIRDANCE
   683 | D:2      | 683 ||| STAIRDANCE
   755 | D:2      | Reached skill level 5 in Ranged Weapons
   929 | D:2      | Reached XP level 4. HP: 22/22 MP: 5/5
  1104 | D:2      | 1104 ||| UPGRADING to +5 ring of evasion.
  1105 | D:2      | 1105 ||| READING 3 scrolls of identify.
  1105 | D:2      | 1105 ||| IDENTIFYING 2 blue potions
  1106 | D:2      | 1106 ||| READING 2 scrolls of identify.
  1106 | D:2      | 1106 ||| IDENTIFYING 2 golden potions
  1107 | D:2      | 1107 ||| READING scroll of identify.
  1107 | D:2      | 1107 ||| IDENTIFYING scroll labelled XUDAMU CUAGO
  1108 | D:2      | 1108 ||| READING scroll labelled JIREWN WERATECK.
  1109 | D:2      | 1109 ||| READING scroll labelled HITAURO MIYH.
  1210 | D:2      | 1210 ||| DROPPING 2 potions of attraction.
  1489 | D:3      | Reached XP level 5. HP: 20/26 MP: 6/6
  1491 | D:3      | 1491 ||| FLEEEEING.
  1492 | D:3      | 1492 ||| FLEEEEING.
  1493 | D:3      | 1493 ||| FLEEEEING.
  1494 | D:3      | 1494 ||| FLEEEEING.
  1495 | D:3      | 1495 ||| FLEEEEING.
  1496 | D:3      | 1496 ||| FLEEEEING.
  1497 | D:3      | 1497 ||| FLEEEEING.
  1498 | D:3      | 1498 ||| FLEEEEING.
  1499 | D:3      | 1499 ||| FLEEEEING.
  1500 | D:3      | 1500 ||| FLEEEEING.
  1501 | D:3      | 1501 ||| FLEEEEING.
  2004 | D:3      | 2004 ||| READING scroll labelled NATEH VEMOA.
  2052 | D:4      | 2052 ||| STAIRDANCE
  2056 | D:4      | 2056 ||| STAIRDANCE
  2083 | D:4      | Reached skill level 6 in Ranged Weapons
  2083 | D:4      | Reached XP level 6. HP: 12/30 MP: 7/7
  2085 | D:4      | HP: 7/30 [orc/+0 club (3)]
  2086 | D:4      | 2086 ||| READING 2 scrolls of teleportation.
  2090 | D:4      | 2090 ||| READING scroll of teleportation.
  2092 | D:4      | HP: 1/30 [phantom (4)]
  2096 | D:4      | Slain by a phantom

Levels and vault maps discovered:
D:1:      elethiomel_arrival_infinity_welcomes_careful_drivers, layout_rooms
D:2:      layout_rooms, kennysheep_generic_room_14
D:3:      layout_basic
D:4:      layout_cave_pools, temple_hall, minivault_14

Skill      XL: |  1  2  3  4  5 |
---------------+----------------+-----
Dodging        | 3 4 5 |  5.8
Ranged Weapons | 5 6 |  6.0
Fighting       | 2 |  2.1
Stealth        | |  1.5

Action                     |  1- 3 |  4- 6 || total
---------------------------+-------+-------++-------
   Fire: Shortbow          |   110 |   139 ||   249
    Use: Scroll            |     3 |     8 ||    11
 Armour: Robe              |    10 |    17 ||    27
  Dodge: Dodged            |    31 |    61 ||    92
  Block: Other             |     7 |    17 ||    24
         Reflection        |     1 |       ||     1

Table legend:
 A = Non-vault XP
 B = Vault XP
 C = Vault XP percentage of total XP
 D = Non-vault monster count
 E = Vault monster count
 F = Vault count percentage of total count
                 A         B        C        D         E       F
            +---------+---------+-------+---------+---------+-------
      Total |     428 |       0 |   0.0 |      78 |       0 |   0.0
            +---------+---------+-------+---------+---------+-------
        D:1 |      45 |       0 |   0.0 |      25 |       0 |   0.0
        D:2 |      63 |       0 |   0.0 |      15 |       0 |   0.0
        D:3 |     236 |       0 |   0.0 |      33 |       0 |   0.0
        D:4 |      84 |       0 |   0.0 |       5 |       0 |   0.0
            +---------+---------+-------+---------+---------+-------
